 Seeded DCSS version 0.30.1-11-g7821555f0a (webtiles) character file.

Game seed: 12577214031010449085 (custom seed)

16 Psyclone the Conjurer (level 2, 15/15 HPs)
             Began as a Deep Elf Conjurer on Nov 9, 2023.
             Quit the game on level 2 of the Dungeon.
             The game lasted 00:02:25 (399 turns).

Psyclone the Conjurer (Deep Elf Conjurer)            Turns: 399, Time: 00:02:25

Health: 15/15      AC:  2    Str:  4    XL:     2   Next: 37%
Magic:  8/8        EV: 12    Int: 22    God:
Gold:   42         SH:  0    Dex: 13    Spells: 6/7 levels left

rFire   . . .        (no weapon)
rCold   . . .        (no shield)
rNeg    . . .        a - +0 robe
rPois   .            (no helmet)
rElec   .            (no cloak)
rCorr   .            (no gloves)
SInv    .            (no boots)
Will    .....        (no amulet)
Stlth   ++           (no ring)
HPRegen 0.22/turn    (no ring)
MPRegen 0.11/turn

%: no passive effects
@: no status effects
A: no striking features
a: no special abilities


You were on level 2 of the Dungeon.
You visited 1 branch of the dungeon, and saw 2 of its levels.

You collected 42 gold pieces.

Inventory:

Armour
 a - a +0 robe (worn)
Scrolls
 d - a scroll of identify {unknown}
Potions
 b - a potion of magic
 c - a potion of ambrosia {unknown}


   Skills:
 + Level 2.8 Dodging
 + Level 2.9 Stealth
 + Level 3.3 Spellcasting
 + Level 4.5 Conjurations


You had 6 spell levels left.
You knew the following spells:

 Your Spells              Type           Power      Damage    Failure   Level
a - Magic Dart            Conj           92%        1d7       1%          1

Your spell library contained the following spells:

 Spells                   Type           Power      Damage    Failure   Level
 Searing Ray              Conj           46%        2d6       2%          2
 Dazzling Flash           Conj/Hex       26%        N/A       14%         3
 Volatile Blastmotes      Fire/Tloc      6%         2d10      34%         3
 Fulminant Prism          Conj/Hex       6%         3d7       43%         4
 Iskenderun's Mystic Bla  Conj/Tloc      13%        2d5       43%         4
 Summon Ice Beast         Ice/Summ       3%         N/A       75%         4
 Summon Mana Viper        Hex/Summ       3%         N/A       97%         5
 Starburst                Conj/Fire      6%         6d4       100%        6
 Monstrous Menagerie      Summ           1%         N/A       100%        7


Dungeon Overview and Level Annotations

Branches:
Dungeon (2/15) Zot: 11597

Altars:


Message History

A kobold and a dart slug come into view.
Found a glowing ruby potion and a smoky purple potion.
A ball python comes into view.
There is a stone staircase leading up here.
Found 10 gold pieces.
You now have 34 gold pieces (gained 10).
A kobold comes into view. It is wielding a +0 dagger.
The kobold shouts!
The kobold barely misses you. The kobold hits you with a +0 dagger.
You take 4 damage, and have 11/15 hp.
MASSIVE DAMAGE!!
Casting: Magic Dart (safe; 1% risk of failure)
Confirm with . or Enter, or press ? or * to list all spells.
Aiming: Magic Dart (safe; 1% risk of failure)
Press: ? - help, Shift-Dir - straight line, f - kobold
Aim: a kobold, wielding a +0 dagger (100% to hit)
The magic dart hits the kobold but does no damage.
The kobold hits you with a +0 dagger.
You take 1 damage, and have 10/15 hp.
You now have 7/8 mp.
Casting: Magic Dart (safe; 1% risk of failure)
Confirm with . or Enter, or press ? or * to list all spells.
Aiming: Magic Dart (safe; 1% risk of failure)
Press: ? - help, Shift-Dir - straight line, f/p - kobold
Aim: a kobold, wielding a +0 dagger (100% to hit)
The magic dart hits the kobold.
You kill the kobold!
You now have 6/8 mp.
Casting: Magic Dart (safe; 1% risk of failure)
Confirm with . or Enter, or press ? or * to list all spells.
You can't see any susceptible monsters within range! (Use Z to cast anyway.) Unknown command.
MP restored: 8 Health restored: 15
Found a stone staircase leading down.
You now have 42 gold pieces (gained 8).
You enter the shallow water.
Moving in this stuff is going to be slow.
Unknown command.
Unknown command.
Are you sure you want to abandon this character and quit the game? (Confirm with "yes".)

....# #.#.⌠P⌠⌠.~⌠.#
....####.#.~.P.P.~.#
..†........~.###P..#
....#####..~P#_#.⌠.#
...######..⌠.#.#.⌠.#######
...........~.#.#........>#
...........~..P..~.#####.###
#.###.####.~~~~⌠~~.........
#. #.# #......@..#####.####.
#. #.# #.......+............
#. #.# #.......#####.#.####.
.. ... #.......# #.# # #.
#.# #.##..### #.# ###)##..#
#.# # ........#
#####.#.##...
.##.#...###............
............###.#.##...


There were no monsters in sight!

Vanquished Creatures
  An adder (D:2)
  An endoplasm (D:2)
  2 hobgoblins (D:1)
  A bat (D:1)
  2 frilled lizards (D:2)
  A kobold (D:2)
8 creatures vanquished.

Notes
Turn   | Place    | Note
-------+----------+-------------------------------------------
     0 | D:1      | Psyclone the Deep Elf Conjurer began the quest for the Orb.
     0 | D:1      | Reached XP level 1. HP: 10/10 MP: 6/6
   268 | D:2      | Reached XP level 2. HP: 15/15 MP: 5/8
   299 | D:2      | Found a faded altar of an unknown god.
   399 | D:2      | Quit the game

Illustrated notes

Levels and vault maps discovered:
D:1:      heliophobic_arrival_glass_houses, layout_rooms, serial_shops,
          nicolae_shop_back_alley_shop
D:2:      layout_basic, shapermc_ecumenical_altar_acropolis, basic_altar,
          hangedman_feature_mirror, kennysheep_generic_room_8

Action                     || total
---------------------------++-------
   Cast: Magic Dart        ||    17
 Armour: Robe              ||     1
  Dodge: Dodged            ||     2
